 Dungeon Sprint DCSS version 0.17-b1-15-g0f5fb43 (webtiles) character file.

49719 Kidiri the Unseen (level 13, -10/61 HPs)
             Began as a Spriggan Enchanter on Nov 2, 2015.
             Was the Champion of Dithmenos.
             Killed from afar by a deep elf annihilator (71 damage)
             ... with an iron shot
             ... in the Dungeon (Sprint III: "The Ten Rune Challenge").
             The game lasted 00:29:49 (5914 turns).

Kidiri the Unseen (Spriggan Enchanter)              Turns: 5914, Time: 00:29:49

Health: -10/61     AC:  5    Str:  6    XL:     13   Next: 54%
Magic:  19/33      EV: 35    Int: 20    God:    Dithmenos [******]
Gold:   5725       SH:  6    Dex: 20    Spells: 8 memorised, 19 levels left

rFire  . . .     SeeInvis +     a - +1 dagger
rCold  . . .     Rnd*Rage +     b - +1 robe
rNeg   . . .     SustAt   .     h - +0 buckler (curse)
rPois  .         Gourm    .     u - +2 hat
rElec  .         Spirit   .     (no cloak)
rCorr  .         Warding  .     (gloves unavailable)
rMut   .         NoTele   +     (boots unavailable)
MR     ++...                    (no amulet)
Stlth  ++++++++++               (no ring)
                                (no ring)

@: wreathed by umbra, very quick, very resistant to hostile enchantments,
uncannily stealthy
A: unfitting armour, claws 1, hooves 1, see invisible, berserk 1, clever 1,
herbivore 3, speed 3, frail 1, slow metabolism 2, strong 1, subdued magic 1
a: Shadow Step, Shadow Form, Renounce Religion
}: 1/10 runes: serpentine


You were in the Dungeon.
You worshipped Dithmenos.
Dithmenos was exalted by your worship.
You were not hungry.

You visited 1 branch You collected 5725 gold pieces.

Inventory:

Hand Weapons
 a - a +1 dagger (weapon)
Armour
 b - a +1 robe (worn)
 h - a cursed +0 buckler (worn)
 u - a +2 hat (worn)
Scrolls
 j - a scroll of blinking
 n - a scroll of torment {unknown}
 o - a scroll of enchant armour {unknown}
 q - a scroll of holy word {unknown}
 r - a scroll of fog {unknown}
Potions
 c - 2 potions of heal wounds
 e - a potion of curing
 g - a potion of haste
 i - a potion of berserk rage
 k - 3 potions of might
 l - a potion of resistance
 m - a potion of lignification {unknown}
 p - 2 potions of flight
 t - a potion of cure mutation {unknown}
Comestibles
 d - a bread ration
 f - 6 fruits
 s - 28 royal jellies


   Skills:
 + Level 8.1 Fighting
 * Level 14.5 Short Blades
 + Level 7.7 Armour
 * Level 18.3 Dodging
 * Level 19.8 Stealth
 * Level 1.0 Shields
 * Level 15.8 Spellcasting
 + Level 7.5 Conjurations
 + Level 12.0 Hexes
 + Level 12.5 Translocations
 + Level 10.8 Transmutations
 + Level 8.1 Ice Magic
 + Level 7.6 Earth Magic
 - Level 2.4 Invocations


You had 19 spell levels left.
You knew the following spells:

 Your Spells              Type           Power        Failure   Level  Hunger
a - Corona                Hex            #####..      0%          1    None
b - Ensorcelled Hibernat  Hex/Ice        #####.       0%          2    None
c - Confuse               Hex            #####...     0%          3    None
d - Tukima's Dance        Hex            #####...     0%          3    None
e - Dazzling Spray        Conj/Hex       #####...     1%          3    None
f - Gell's Gravitas       Hex/Tloc       #####.....   0%          3    None
g - Metabolic Englaciati  Hex/Ice        #####.....   1%          5    ###....
h - Petrify               Trmt/Erth      #####...     1%          4    None


Dungeon Overview and Level Annotations

Branches:
Dungeon (1/1)

Altars:
Cheibriados
Dithmenos
Elyvilon
Fedhas
Gozag
Kikubaaqudgha
Makhleb
Nemelex Xobeh
Okawaru
Qazlal
Ru
Sif Muna
Trog
Vehumet
Xom
Yredelemnul
Zin
The Shining One
Jiyva
Lugonu

Shops:
D !:[([=!


Innate Abilities, Weirdness & Mutations

You are tiny and cannot use many weapons and most armour.
You have supernaturally acute eyesight.
You are a herbivore.
You cover ground extremely quickly.
You need consume almost no food.
You have sharp fingernails.
You have large cloven feet.
You tend to lose your temper in combat.
Your mind is acute. (Int +2)
You are frail (-10% HP).
Your muscles are strong. (Str +2)
Your spells are a little easier to cast, but a little less powerful.


Message History

The deep elf annihilator shouts!
Your shadow mimicks your spell!
The shadow shard misses the deep elf annihilator.
Casting: Dazzling Spray
Confirm with . or Enter, or press ? or * to list all spells.
Aiming: Dazzling Spray
Press: ? - help, Shift-Dir - straight line, f/p - deep elf annihilator
Aim: a deep elf annihilator, wearing a robe (lightly wounded, umbra)
The spray of energy hits the deep elf annihilator.
The deep elf annihilator is moderately wounded.
Casting: Dazzling Spray
Confirm with . or Enter, or press ? or * to list all spells.
Aiming: Dazzling Spray
Press: ? - help, Shift-Dir - straight line, f/p - deep elf annihilator
Aim: a deep elf annihilator, wearing a robe (moderately wounded, umbra)
The spray of energy misses the deep elf annihilator.
The deep elf annihilator casts a spell at you.
The iron shot hits you!
Ouch! That really hurt!
You die...

▓▓▓ ▓▓▓ ###.#####.######## ###
##.##.#∩...'.#...# ...'
#..........#.#..@##≈≈≈≈#
#..).....###.#(.(≈≈≈\...
#))).......#.#().##≈≈≈≈#
#))##....###.[)).# e..'
#[#####.## ####### ###
#+###########################
#..≈§§+§#.+(..+.#.#.#.+...≈≈#
#.#≈§§#§#.#)..##.#.#.##...≈≈###
'.#§§§#.#.#...#.#.#.#.#...≈≈≈≈#


You could see a deep elf annihilator.

Vanquished Creatures
  Rupert (D)
  Gastronok (D)
  A greater naga (D)
  Maud (D)
  A deep elf demonologist (D)
  2 dire elephants (D)
  Snorg (D)
  A deep elf death mage (D)
  3 fire dragons (D)
  5 anacondas (D)
  A naga warrior (D)
  2 hydras (D)
  4 death yaks (D)
  A centaur warrior (D)
  2 orc high priests (D)
  3 deep elf knights (D)
  A death drake (D)
  An unseen horror (D)
  A deep elf summoner (D)
  A spriggan druid (D)
  A lindwurm (D)
  A deep elf conjurer (D)
  2 elephants (D)
  6 black mambas (D)
  A guardian serpent (D)
  2 spiny frogs (D)
  A komodo dragon (D)
  A fire drake (D)
  3 wandering mushrooms (D)
  A deep elf priest (D)
  8 blink frogs (D)
  A queen bee (D)
  A shadow (D)
  3 redbacks (D)
  2 spriggans (D)
  2 nagas (D)
  A spatial vortex (D)
  A swamp drake (D)
  6 water moccasins (D)
  An orc warrior (D)
  A necrophage (D)
  2 centaurs (D)
  2 brain worms (D)
  An earth elemental (D)
  A water elemental (D)
  A scorpion (D)
  32 killer bees (D)
  An electric eel (D)
  2 orc priests (D)
  A jelly (D)
  An orc wizard (D)
  Jessica (D)
  A necromancer (D)
  A wizard (D)
  A kobold demonologist (D)
  3 humans (D)
  2 adders (D)
  2 oozes (D)
  7 orcs (D)
  A rat (D)
143 creatures vanquished.

Vanquished Creatures (collateral kills)
  2 orc warriors (D)
  3 orcs (D)
5 creatures vanquished.

Vanquished Creatures (others)
  2 draconian scorchers (D)
  A dancing weapon (D)
  3 yaktaurs (D)
  2 fire drakes (D)
  3 plants (D)
11 creatures vanquished.

Grand Total: 159 creatures vanquished

Notes
Turn   | Place    | Note
--------------------------------------------------------------
     0 | D        | Kidiri the Spriggan Enchanter began the quest for the Orb.
     0 | D        | Reached XP level 1. HP: 9/9 MP: 5/5
    11 | D        | Reached skill level 5 in Stealth
    11 | D        | Reached XP level 2. HP: 14/14 MP: 7/7
    15 | D        | Learned a level 2 spell: Ensorcelled Hibernation
    52 | D        | Killed a yaktaur
   150 | D        | Noticed Jessica
   157 | D        | Killed Jessica
   157 | D        | Reached skill level 1 in Fighting
   157 | D        | Reached skill level 1 in Armour
   157 | D        | Reached skill level 6 in Stealth
   157 | D        | Reached XP level 3. HP: 9/18 MP: 3/9
   168 | D        | Killed a fire drake
   198 | D        | Killed a white draconian scorcher
   199 | D        | Killed a white draconian scorcher
   302 | D        | Learned a level 3 spell: Confuse
   306 | D        | Learned a level 3 spell: Dazzling Spray
   410 | D        | Noticed a scorpion
   416 | D        | Killed a scorpion
   416 | D        | Reached skill level 5 in Dodging
   416 | D        | Reached skill level 1 in Ice Magic
   416 | D        | Reached XP level 4. HP: 22/22 MP: 5/11
   423 | D        | Reached skill level 7 in Stealth
   423 | D        | Reached skill level 5 in Spellcasting
   423 | D        | Reached skill level 1 in Conjurations
   428 | D        | Learned a level 3 spell: Tukima's Dance
   497 | D        | Killed a fire drake
   514 | D        | Gained mutation: You have large cloven feet. [potion of mutation]
   514 | D        | Gained mutation: Your muscles are strong. (Str +2) [potion of mutation]
   514 | D        | Gained mutation: You are frail (-10% HP). [potion of mutation]
   515 | D        | Gained mutation: You have sharp fingernails. [potion of mutation]
   515 | D        | Gained mutation: Your mind is acute. (Int +2) [potion of mutation]
   619 | D        | Noticed a water elemental
   637 | D        | Killed a water elemental
   637 | D        | Reached skill level 5 in Hexes
   637 | D        | Reached XP level 5. HP: 23/23 MP: 1/14
   727 | D        | Noticed a jelly
   728 | D        | Noticed a shadow
   741 | D        | Killed a jelly
   741 | D        | Reached skill level 8 in Stealth
   762 | D        | Killed a shadow
   762 | D        | Reached skill level 9 in Stealth
   762 | D        | Reached XP level 6. HP: 16/28 MP: 0/17
   904 | D        | Found a stormy altar of Qazlal.
   905 | D        | Found a sacrificial altar of Ru.
   905 | D        | Found a burning altar of Makhleb.
   905 | D        | Found a viscous altar of Jiyva.
   905 | D        | Found a shimmering altar of Xom.
   905 | D        | Found a shadowy altar of Dithmenos.
   905 | D        | Found a sparkling altar of Nemelex Xobeh.
   905 | D        | Found a corrupted altar of Lugonu.
   905 | D        | Found an opulent altar of Gozag.
   905 | D        | Noticed a spatial vortex
   909 | D        | Became a worshipper of Dithmenos the Shadowed
   915 | D        | Killed a spatial vortex
   915 | D        | Reached skill level 10 in Stealth
   915 | D        | Reached skill level 1 in Invocations
  1019 | D        | Found a radiant altar of Vehumet.
  1020 | D        | Found a deep blue altar of Sif Muna.
  1020 | D        | Found an ancient bone altar of Kikubaaqudgha.
  1020 | D        | Noticed a wizard
  1021 | D        | Killed a wizard
  1036 | D        | Learned a level 3 spell: Gell's Gravitas
  1042 | D        | Learned a level 5 spell: Metabolic Englaciation
  1051 | D        | Found a glowing silver altar of Zin.
  1052 | D        | Found a glowing golden altar of the Shining One.
  1052 | D        | Found a white marble altar of Elyvilon.
  1052 | D        | Noticed a deep elf priest
  1063 | D        | Killed a deep elf priest
  1063 | D        | Reached * piety under Dithmenos
  1063 | D        | Reached skill level 1 in Translocations
  1063 | D        | Reached XP level 7. HP: 3/32 MP: 4/19
  1391 | D        | Found an iron altar of Okawaru.
  1392 | D        | Found a bloodstained altar of Trog.
  1392 | D        | Noticed a human
  1392 | D        | Noticed a human
  1394 | D        | Killed a human
  1395 | D        | Killed a human
  1395 | D        | Reached skill level 10 in Dodging
  1395 | D        | Reached skill level 11 in Stealth
  1410 | D        | Found a snail-covered altar of Cheibriados.
  1410 | D        | Noticed a necrophage
  1411 | D        | Found a basalt altar of Yredelemnul.
  1411 | D        | Found a blossoming altar of Fedhas.
  1411 | D        | Noticed a necromancer
  1415 | D        | Killed a necromancer
  1419 | D        | Killed a necrophage
  1419 | D        | Reached ** piety under Dithmenos
  1419 | D        | Reached XP level 8. HP: 32/36 MP: 11/21
  1481 | D        | Noticed Snorg
  1488 | D        | Killed Snorg
  1488 | D        | Reached skill level 12 in Stealth
  1494 | D        | Learned a level 4 spell: Petrify
  1519 | D        | Noticed an earth elemental
  1522 | D        | Killed an earth elemental
  1527 | D        | Noticed a centaur
  1527 | D        | Noticed a centaur warrior
  1527 | D        | Noticed a centaur
  1531 | D        | Killed a centaur
  1531 | D        | Reached skill level 1 in Transmutations
  1531 | D        | Reached XP level 9. HP: 40/40 MP: 16/23
  1534 | D        | Killed a centaur
  1534 | D        | Reached skill level 10 in Spellcasting
  1534 | D        | Reached skill level 5 in Translocations
  1538 | D        | Killed a centaur warrior
  1538 | D        | Reached *** piety under Dithmenos
  1538 | D        | Reached skill level 13 in Stealth
  1538 | D        | Reached skill level 1 in Earth Magic
  1658 | D        | Noticed an unseen horror
  1663 | D        | Killed an unseen horror
  1675 | D        | Noticed a killer bee
  1675 | D        | Noticed a killer bee
  1675 | D        | Noticed a killer bee
  1675 | D        | Noticed a killer bee
  1675 | D        | Noticed a killer bee
  1675 | D        | Noticed a killer bee
  1675 | D        | Noticed a killer bee
  1675 | D        | Noticed a killer bee
  1675 | D        | Noticed a killer bee
  1675 | D        | Noticed a killer bee
  1675 | D        | Noticed a killer bee
  1675 | D        | Noticed a killer bee
  1675 | D        | Noticed a killer bee
  1675 | D        | Noticed a killer bee
  1675 | D        | Noticed a killer bee
  1676 | D        | Noticed a killer bee
  1676 | D        | Noticed a killer bee
  1676 | D        | Noticed a killer bee
  1676 | D        | Noticed a killer bee
  1676 | D        | Noticed a killer bee
  1676 | D        | Noticed a killer bee
  1676 | D        | Noticed a killer bee
  1676 | D        | Noticed a killer bee
  1676 | D        | Noticed a killer bee
  1676 | D        | Noticed a killer bee
  1676 | D        | Noticed a killer bee
  1676 | D        | Noticed a killer bee
  1676 | D        | Noticed a killer bee
  1676 | D        | Noticed a killer bee
  1676 | D        | Noticed a killer bee
  1676 | D        | Noticed a killer bee
  1676 | D        | Noticed a killer bee
  1676 | D        | Noticed a queen bee
  1678 | D        | Killed a killer bee
  1678 | D        | Killed a killer bee
  1679 | D        | Killed a killer bee
  1679 | D        | Reached **** piety under Dithmenos
  1679 | D        | Killed a killer bee
  1679 | D        | Killed a killer bee
  1679 | D        | Killed a killer bee
  1679 | D        | Killed a killer bee
  1680 | D        | Killed a killer bee
  1680 | D        | Killed a killer bee
  1680 | D        | Reached ***** piety under Dithmenos
  1680 | D        | Killed a killer bee
  1680 | D        | Killed a killer bee
  1680 | D        | Killed a killer bee
  1680 | D        | Reached skill level 5 in Fighting
  1681 | D        | Killed a killer bee
  1681 | D        | Killed a killer bee
  1681 | D        | Killed a killer bee
  1681 | D        | Reached XP level 10. HP: 43/45 MP: 12/26
  1681 | D        | Killed a killer bee
  1681 | D        | Reached skill level 5 in Ice Magic
  1681 | D        | Killed a killer bee
  1681 | D        | Killed a killer bee
  1682 | D        | Killed a killer bee
  1682 | D        | Killed a killer bee
  1682 | D        | Killed a killer bee
  1682 | D        | Reached ****** piety under Dithmenos
  1682 | D        | Killed a killer bee
  1682 | D        | Reached skill level 10 in Short Blades
  1682 | D        | Reached skill level 14 in Stealth
  1683 | D        | Killed a killer bee
  1683 | D        | Killed a killer bee
  1683 | D        | Killed a killer bee
  1684 | D        | Killed a killer bee
  1685 | D        | Killed a killer bee
  1688 | D        | Killed a killer bee
  1691 | D        | Killed a killer bee
  1791 | D        | Killed a killer bee
  1791 | D        | Reached skill level 5 in Armour
  1796 | D        | Killed a killer bee
  1796 | D        | Killed a killer bee
  1802 | D        | Killed a queen bee
  1945 | D        | Noticed a wandering mushroom
  1946 | D        | Noticed a wandering mushroom
  1946 | D        | Noticed a wandering mushroom
  1953 | D        | Killed a wandering mushroom
  1969 | D        | Killed a wandering mushroom
  2109 | D        | Killed a wandering mushroom
  2125 | D        | Noticed a spiny frog
  2125 | D        | Noticed a komodo dragon
  2125 | D        | Noticed a spiny frog
  2128 | D        | Killed a spiny frog
  2128 | D        | Reached skill level 5 in Transmutations
  2131 | D        | Killed a spiny frog
  2133 | D        | Killed a komodo dragon
  2133 | D        | Reached skill level 5 in Conjurations
  2151 | D        | Noticed a redback
  2155 | D        | Killed a redback
  2242 | D        | Noticed a brain worm
  2245 | D        | Killed a brain worm
  2250 | D        | Noticed a brain worm
  2252 | D        | Killed a brain worm
  2252 | D        | Reached skill level 15 in Stealth
  2255 | D        | Noticed a lindwurm
  2257 | D        | Noticed a redback
  2258 | D        | Killed a lindwurm
  2260 | D        | Killed a redback
  2264 | D        | Noticed a redback
  2265 | D        | Killed a redback
  2266 | D        | Noticed Maud
  2268 | D        | Killed Maud
  2268 | D        | Reached XP level 11. HP: 48/50 MP: 28/28
  2271 | D        | Noticed an electric eel
  2272 | D        | Noticed a seven-headed hydra
  2272 | D        | Noticed a four-headed hydra
  2274 | D        | Killed an electric eel
  2276 | D        | Killed a seven-headed hydra
  2277 | D        | Killed a four-headed hydra
  2314 | D        | Noticed a death drake
  2321 | D        | Killed a death drake
  2321 | D        | Reached skill level 16 in Stealth
  2433 | D        | Found a blossoming altar of Fedhas.
  2433 | D        | Noticed a spriggan
  2433 | D        | Noticed a spriggan druid
  2433 | D        | Noticed a spriggan
  2435 | D        | Killed a spriggan druid
  2436 | D        | Killed a spriggan
  2437 | D        | Killed a spriggan
  2437 | D        | Reached skill level 5 in Earth Magic
  2470 | D        | Noticed a fire dragon
  2473 | D        | Noticed a fire dragon
  2473 | D        | Killed a fire dragon
  2477 | D        | Noticed a fire dragon
  3014 | D        | Killed a fire dragon
  3014 | D        | Reached skill level 15 in Dodging
  3014 | D        | Reached skill level 10 in Hexes
  3097 | D        | Killed a fire dragon
  3180 | D        | Killed a yaktaur
  3245 | D        | Found Yraezowy's Jewellery Shop.
  3246 | D        | Found Gaaro's Antique Armour Emporium.
  3247 | D        | Found Vaosch's Distillery.
  3370 | D        | Noticed a swamp drake
  3370 | D        | Noticed a fire drake
  3371 | D        | Killed a fire drake
  3373 | D        | Killed a swamp drake
  3381 | D        | Noticed a blink frog
  3381 | D        | Noticed a blink frog
  3381 | D        | Noticed a blink frog
  3382 | D        | Noticed a blink frog
  3382 | D        | Noticed a blink frog
  3384 | D        | Killed a blink frog
  3387 | D        | Killed a blink frog
  3389 | D        | Killed a blink frog
  3393 | D        | Killed a blink frog
  3406 | D        | Killed a blink frog
  3569 | D        | Noticed Rupert
  3590 | D        | Killed Rupert
  3590 | D        | Reached skill level 17 in Stealth
  3590 | D        | Reached skill level 10 in Translocations
  3590 | D        | Reached XP level 12. HP: 55/55 MP: 23/30
  3639 | D        | Noticed a death yak
  3640 | D        | Noticed a death yak
  3640 | D        | Noticed a blink frog
  3641 | D        | Noticed an azure jelly
  3641 | D        | Noticed a death yak
  3641 | D        | Noticed an azure jelly
  3641 | D        | Noticed a blink frog
  3641 | D        | Noticed a death yak
  3642 | D        | Killed a death yak
  3643 | D        | Killed a death yak
  3644 | D        | Killed a blink frog
  3645 | D        | Noticed a blink frog
  3645 | D        | Noticed a black mamba
  3646 | D        | Killed a death yak
  3659 | D        | Killed a death yak
  3670 | D        | Killed a blink frog
  3703 | D        | Killed a blink frog
  3802 | D        | Noticed a black mamba
  3804 | D        | Killed a black mamba
  3805 | D        | Killed a black mamba
  3807 | D        | Noticed a water moccasin
  3823 | D        | Noticed a black mamba
  3823 | D        | Noticed a water moccasin
  3823 | D        | Noticed a water moccasin
  3823 | D        | Noticed an anaconda
  3824 | D        | Noticed a black mamba
  3825 | D        | Killed a water moccasin
  3826 | D        | Killed a black mamba
  3828 | D        | Killed a water moccasin
  3830 | D        | Killed an anaconda
  3831 | D        | Killed a black mamba
  3834 | D        | Killed a water moccasin
  3854 | D        | Noticed a water moccasin
  3854 | D        | Noticed an anaconda
  3854 | D        | Noticed an anaconda
  3854 | D        | Noticed a water moccasin
  3854 | D        | Noticed a black mamba
  3855 | D        | Noticed a water moccasin
  3855 | D        | Noticed an anaconda
  3856 | D        | Killed a water moccasin
  3857 | D        | Killed a black mamba
  3857 | D        | Reached skill level 18 in Stealth
  3859 | D        | Killed an anaconda
  3861 | D        | Killed an anaconda
  3863 | D        | Killed a water moccasin
  3877 | D        | Killed an anaconda
  3887 | D        | Killed a water moccasin
  4022 | D        | Noticed an anaconda
  4022 | D        | Noticed a black mamba
  4026 | D        | Killed a black mamba
  4029 | D        | Killed an anaconda
  4143 | D        | Noticed a naga
  4143 | D        | Noticed a naga
  4144 | D        | Noticed a naga warrior
  4144 | D        | Noticed a greater naga
  4144 | D        | Found Myer's Distillery.
  4144 | D        | Found Egynu's Book Emporium.
  4145 | D        | Killed a naga
  4146 | D        | Found Uckuufoi's Antique Armour Shop.
  4147 | D        | Killed a greater naga
  4152 | D        | Killed a naga
  4164 | D        | Killed a naga warrior
  4164 | D        | Reached XP level 13. HP: 41/60 MP: 17/32
  4309 | D        | Noticed a guardian serpent
  4312 | D        | Killed a guardian serpent
  4314 | D        | Got a serpentine rune of Zot
  4390 | D        | Noticed an azure jelly
  4390 | D        | Noticed an azure jelly
  4391 | D        | Noticed an elephant
  4391 | D        | Noticed an elephant
  4391 | D        | Noticed a dire elephant
  4391 | D        | Noticed a dire elephant
  4391 | D        | Noticed Gastronok
  4393 | D        | Killed Gastronok
  4393 | D        | Reached skill level 15 in Spellcasting
  4393 | D        | Reached skill level 10 in Transmutations
  4406 | D        | Killed a dire elephant
  4406 | D        | Reached skill level 19 in Stealth
  4421 | D        | Killed a dire elephant
  4423 | D        | Killed an elephant
  4432 | D        | Killed an elephant
  4586 | D        | Gained mutation: Your spells are a little easier to cast, but a little less powerful. [potion of mutation]
  4586 | D        | Gained mutation: You tend to lose your temper in combat. [potion of mutation]
  4681 | D        | Noticed an orc high priest
  4681 | D        | Noticed an orc warrior
  4681 | D        | Noticed an orc warrior
  4681 | D        | Noticed an orc warrior
  4681 | D        | Noticed an orc wizard
  4682 | D        | Found Qofe's Antique Weapon Emporium.
  4683 | D        | Noticed an orc priest
  4686 | D        | Killed an orc warrior
  4686 | D        | Killed an orc wizard
  4689 | D        | Noticed an orc priest
  4691 | D        | Killed an orc high priest
  4692 | D        | Noticed an orc high priest
  4706 | D        | Killed an orc warrior
  4718 | D        | Killed an orc warrior
  4742 | D        | Killed an orc priest
  4742 | D        | Killed an orc priest
  4765 | D        | Killed an orc high priest
  5064 | D        | Noticed a deep elf knight
  5064 | D        | Noticed a deep elf knight
  5064 | D        | Noticed a deep elf conjurer
  5064 | D        | Noticed a deep elf knight
  5064 | D        | Noticed a deep elf summoner
  5073 | D        | Killed a deep elf knight
  5077 | D        | Killed a deep elf knight
  5078 | D        | Killed a deep elf conjurer
  5100 | D        | Killed a deep elf knight
  5106 | D        | Noticed a deep elf demonologist
  5108 | D        | Killed a deep elf summoner
  5109 | D        | Noticed a deep elf demonologist
  5202 | D        | Killed a yaktaur
  5292 | D        | Noticed a deep elf annihilator
  5292 | D        | Noticed a deep elf demonologist
  5296 | D        | Noticed a deep elf death mage
  5300 | D        | Noticed a deep elf master archer
  5303 | D        | Noticed a deep elf death mage
  5305 | D        | Killed a deep elf demonologist
  5540 | D        | Killed a deep elf death mage
  5540 | D        | Reached skill level 1 in Shields
  5914 | D        | Killed from afar by a deep elf annihilator

Action                   |  1- 3 |  4- 6 |  7- 9 | 10-12 | 13-15 || total
-------------------------+-------+-------+-------+-------+-------++-------
Melee: Dagger            |     9 |    16 |    17 |   104 |    67 ||   213
 Cast: Ensorcelled Hiber |     4 |     4 |     2 |    31 |     5 ||    46
       Tukima's Dance    |       |     9 |       |     2 |     9 ||    20
       Dazzling Spray    |       |    11 |     9 |    24 |    61 ||   105
       Confuse           |       |     1 |       |     9 |     4 ||    14
       Gell's Gravitas   |       |       |     3 |     9 |     5 ||    17
       Metabolic Englaci |       |       |       |       |     1 ||     1
Invok: Shadow Step       |       |       |       |    11 |     2 ||    13
  Use: Potion            |       |     5 |       |     1 |     2 ||     8
       Scroll            |       |     3 |       |       |       ||     3
 Stab: Sleeping          |     4 |     4 |     5 |    51 |     6 ||    70
       Invisible         |       |       |     3 |     4 |     5 ||    12
       Confused          |       |       |       |     6 |     3 ||     9
  Eat: Bread ration      |       |       |       |     1 |       ||     1
